 Dungeon Crawl Stone Soup version 0.29.1-1-gd02db6906a (webtiles) character file.

Game seed: 11456677750739222121

26868 hilljack the Timeless (level 13, -4/70 HPs)
             Began as a Gargoyle Earth Elementalist on Oct 1, 2022.
             Was a High Priest of Cheibriados.
             Slain by Triskal's ghost (15 damage)
             ... on level 2 of the Lair of Beasts.
             The game lasted 00:40:26 (18665 turns).

hilljack the Timeless (GrEE)                       Turns: 18665, Time: 00:40:26

Health: -4/70      AC: 24    Str: 31    XL:     13   Next: 28%
Magic:  8/29       EV: 21    Int: 30    God:    Cheibriados [*****.]
Gold:   1543       SH:  0    Dex: 25    Spells: 2/20 levels left

rFire   + . .      SeeInvis .   a - +4 hand axe of Frustration {vamp, *Rage rF+ rC+ rN+++ Str+4}
rCold   + . .      Faith    .   (no shield)
rNeg    + + +      Spirit   .   F - +2 robe {Will+}
rPois   ∞          Reflect  .   L - +2 helmet
rElec   +          Harm     .   p - +2 cloak
rCorr   .          Rampage  .   (no gloves)
Will    +....      Rage     20% (no boots)
Stlth   +++.......              G - amulet of magic regeneration
HPRegen 0.21/turn               y - +4 ring of protection
MPRegen 0.61/turn               N - ring of magical power

@: very slow
A: sickness immunity, AC +9, negative energy resistance 1, electricity
resistance, torment resistance 1, petrification resistance
a: Renounce Religion, Bend Time, Temporal Distortion, Slouch, Step From Time


You were on level 2 of the Lair of Beasts.
You worshipped Cheibriados.
Cheibriados was extremely pleased with you.
You visited 3 branches of the dungeon, and saw 14 of its levels.
You also visited: Bailey.

You collected 1543 gold pieces.

Inventory:

Hand Weapons
 a - the +4 hand axe of Frustration (weapon) {vamp, *Rage rF+ rC+ rN+++ Str+4}
   (You found it on level 4 of the Dungeon)

   It occasionally heals its wielder for a portion of the damage dealt when it
   wounds a living foe.
   Str:       It affects your strength (+4).
   rF:        It protects you from fire.
   rC:        It protects you from cold.
   rN:        It renders you almost immune to negative energy.
   *Rage:     It berserks you when you make melee attacks (+20% chance).
 b - a +9 eveningstar
Armour
 p - a +2 cloak (worn)
 v - a +2 robe of cold resistance
 F - a +2 robe of willpower (worn)
 L - a +2 helmet (worn)
Magical Staves
 z - a staff of cold
 R - a staff of earth
Jewellery
 f - a ring of positive energy
 j - a ring of protection from fire
 l - a ring of flight
 m - a ring of see invisible
 s - a ring of ice
 y - a +4 ring of protection (left hand)
 G - an amulet of magic regeneration (around neck)
 N - a ring of magical power (right hand)
 P - an amulet of regeneration
Wands
 c - a wand of iceblast (2)
 o - a wand of flame (48)
 q - a wand of polymorph (20)
 D - a wand of digging (6)
Scrolls
 g - a scroll of enchant weapon
 h - 5 scrolls of teleportation
 k - a scroll of magic mapping
 t - 2 scrolls of amnesia
 A - a scroll of blinking
 J - 2 scrolls of immolation
 K - 2 scrolls of identify
 M - a scroll of vulnerability
 Q - a scroll of poison
Potions
 d - 8 potions of curing
 e - 4 potions of berserk rage
 n - 2 potions of heal wounds
 r - 3 potions of flight
 w - 2 potions of attraction
 x - a potion of resistance
 B - a potion of mutation
 E - a potion of lignification
 I - 2 potions of brilliance
 O - a potion of might
Miscellaneous
 H - a condenser vane


   Skills:
 - Level 4.0 Fighting
 - Level 5.0 Armour
 - Level 10.0 Dodging
 - Level 2.1 Stealth
 - Level 4.0 Spellcasting
 - Level 7.0 Conjurations
 + Level 6.7 Translocations
 - Level 0.7 Transmutations
 - Level 7.0 Ice Magic
 - Level 7.0 Air Magic
 - Level 6.0 Earth Magic
 - Level 10.0 Invocations


You had 2 spell levels left.
You knew the following spells:

 Your Spells              Type           Power      Damage    Failure   Level
a - Sandblast             Erth           84%        2d18      1%          1
b - Passwall              Tmut/Erth      21%        N/A       2%          2
c - Stone Arrow           Conj/Erth      90%        3d12      1%          3
d - Freezing Cloud        Conj/Ice/Air   24%        6-21      10%         5
e - Blink                 Tloc           92%        N/A       1%          2
f - Manifold Assault      Tloc           46%        N/A       12%         5

Your spell library contained the following spells:

 Spells                   Type           Power      Damage    Failure   Level
 Magic Dart               Conj           100%       1d8       1%          1
 Searing Ray              Conj           96%        2d7       1%          2
 Slow                     Hex            24%        N/A       6%          1
 Mephitic Cloud           Conj/Pois/Air  33%        N/A       3%          3
 Portal Projectile        Hex/Tloc       52%        N/A       4%          3
 Fulminant Prism          Conj/Hex       13%        3d9       16%         4
 Petrify                  Tmut/Erth      26%        N/A       16%         4
 Call Canine Familiar     Summ           6%         N/A       19%         3
 Confusing Touch          Hex            6%         N/A       19%         3
 Ignite Poison            Fire/Tmut/Pois 7%         N/A       19%         3
 Vampiric Draining        Necr           6%         2d6       19%         3
 Leda's Liquefaction      Hex/Erth       12%        N/A       19%         4
 Animate Dead             Necr           6%         N/A       54%         4
 Cause Fear               Hex            3%         N/A       54%         4
 Dragon Form              Tmut           5%         N/A       100%        7
 Haunt                    Necr/Summ      3%         N/A       100%        7
 Storm Form               Tmut/Air       14%        N/A       100%        7
 Infestation              Necr           3%         N/A       100%        8
 Dragon's Call            Summ           3%         N/A       100%        9


Dungeon Overview and Level Annotations

Branches:
Dungeon (11/15)            Temple (1/1) D:5            Lair (2/5) D:11
  Swamp (0/4) Lair:2       Spider (0/4) Lair:2       Bailey (visited)
    Orc: D:9-12

Altars:
Ashenzari
Cheibriados
Dithmenos
Elyvilon
Fedhas
Gozag
Hepliaklqana
Kikubaaqudgha
Makhleb
Nemelex Xobeh
Okawaru
Qazlal
Ru
Sif Muna
Trog
Uskayaw
Vehumet
Wu Jian
Xom
Yredelemnul
Zin
The Shining One

Shops:
D:11 (

Annotations:
Lair:1 1 runed translucent door, Fractals's ghost, journeyman GrFi
Lair:2 Triskal's ghost, journeyman TrTm


Innate Abilities, Weirdness & Mutations

You are immune to sickness and miasma.
Your stone body is resilient. (AC +9)
You are immune to poison.
You resist negative energy. (rN+)
You are resistant to electric shocks. (rElec)
You are resistant to unholy torment.
You are immune to petrification.


Message History

Aiming: Stone Arrow (safe; 1% risk of failure)
Press: ? - help, Shift-Dir - straight line, f/p - Triskal's ghost
Aim: Triskal's ghost (severely damaged, 70% to hit)
The stone arrow hits Triskal's ghost!
Triskal's ghost is severely damaged.
Triskal's ghost barely misses you.
Casting: Stone Arrow (safe; 1% risk of failure)
Confirm with . or Enter, or press ? or * to list all spells.
Aiming: Stone Arrow (safe; 1% risk of failure)
Press: ? - help, Shift-Dir - straight line, f/p - Triskal's ghost
Aim: Triskal's ghost (severely damaged, 70% to hit)
The stone arrow hits Triskal's ghost!
Triskal's ghost is almost destroyed.
Triskal's ghost hits you but does no damage.
Casting: Stone Arrow (safe; 1% risk of failure)
Confirm with . or Enter, or press ? or * to list all spells.
You don't have enough magic to cast this spell.
You hit Triskal's ghost but do no damage.
Triskal's ghost is almost destroyed.
Triskal's ghost completely misses you.
You barely miss Triskal's ghost.
Triskal's ghost is almost destroyed.
Triskal's ghost misses you. Triskal's ghost hits you.
You hit Triskal's ghost.
Triskal's ghost is almost destroyed.
Triskal's ghost barely misses you.
You hit Triskal's ghost but do no damage.
Triskal's ghost is almost destroyed.
Triskal's ghost hits you but does no damage.
You hit Triskal's ghost but do no damage.
Triskal's ghost is almost destroyed.
Triskal's ghost hits you but does no damage. x2
You hit Triskal's ghost but do no damage.
Triskal's ghost is almost destroyed.
Triskal's ghost hits you!!
* * * LOW HITPOINT WARNING * * *
You hit Triskal's ghost.
Triskal's ghost is almost destroyed.
Triskal's ghost hits you!
You die...

##P### #### ###########..#.#
######..##
#..[...........#####.........
#............(##.#...........
##.............#...+.........
#............##.#.#.........
##............+..###.........
##P.............#.##..........
#............@..#####.........
##......####'W### ##+##.###.
####'####~.≈....# #.#...###
##.###.~⌠.#.~## #....##
#...##≈#..?..#######.#..###
##.####.~)~.#~#P.......#..8
#P.## ###.#.###P...........
#P..# ########....>...8.<
##.## #..........#...


You could see Triskal's ghost.

Vanquished Creatures
  Snorg (D:11)
  Erolcha (D:11)
  A boulder beetle (D:11)
  Fannar (D:11)
  A catoblepas (D:10)
  Erica (D:10)
  3 two-headed ogres
  Urug (D:10)
  Amaemon (D:10)
  2 bog bodies (Lair:2)
  Pikel (D:5)
  A manticore (D:10)
  2 elephants (Lair:1)
  A cyclops (D:11)
  Maurice (D:10)
  A black mamba (Lair:2)
  2 torpor snails
  3 gargoyles
  An ice statue (D:9)
  An orange demon (D:10)
  4 cane toads (Lair:2)
  A rime drake (Lair:1)
  Maggie (D:8)
  2 komodo dragons
  A meliai (Lair:2)
  A troll (D:11)
  Prince Ribbit (D:6)
  4 blink frogs (Lair:1)
  A vampire (D:9)
  A wraith (D:10)
  Sigmund (D:4)
  3 wyverns
  Eustachio (D:5)
  2 basilisks
  19 yaks
  2 swamp worms (Lair:2)
  Edmund (D:6)
  An acid dragon (D:9)
  10 water moccasins
  2 ice beasts
  9 orc warriors
  A sky beast (D:7)
  6 black bears
  An ogre (D:4)
  A phantom (D:5)
  2 centaurs (D:9)
  6 kobold brigands (Bailey)
  9 bullfrogs
  A necrophage (D:4)
  A gnoll sergeant (D:8)
  4 scorpions
  8 wights
  17 killer bees
  3 electric eels
  4 howler monkeys
  7 hounds
  3 jellies
  5 orc priests
  6 orc wizards
  An iguana (D:6)
  A mummy (D:3)
  10 gnolls
  7 adders
  A white imp (D:6)
  A worm (D:4)
  5 dart slugs
  36 orcs
  5 endoplasms
  8 giant cockroaches
  10 goblins
  5 hobgoblins
  18 kobolds
  2 quokkas
  16 ball pythons
  4 bats
  5 frilled lizards
  6 rats
321 creatures vanquished.

Vanquished Creatures (others)
  3 howler monkeys (D:9)
  2 gnolls (D:8)
  A plant (Lair:1)
6 creatures vanquished.

Grand Total: 327 creatures vanquished

Notes
Turn   | Place    | Note
-------+----------+-------------------------------------------
     0 | D:1      | hilljack the Gargoyle Earth Elementalist began the quest
                  | for the Orb.
     0 | D:1      | Reached XP level 1. HP: 10/10 MP: 3/3
   398 | D:1      | Reached XP level 2. HP: 16/16 MP: 3/5
  1061 | D:2      | Reached skill level 1 in Armour
  1117 | D:2      | Reached skill level 1 in Fighting
  1181 | D:2      | Reached XP level 3. HP: 19/20 MP: 3/6
  1372 | D:2      | Noticed a shining eye
  1377 | D:2      | Noticed a shining eye
  1379 | D:2      | Found a faded altar of an unknown god.
  1381 | D:2      | Noticed a floating eye
  1381 | D:2      | Noticed a floating eye
  1586 | D:2      | Identified the +4 scale mail "Osaunup" {rN+ Str-5 Int+9
                  | Dex+4}
  1618 | D:2      | Learned a level 2 spell: Passwall
  1622 | D:2      | Learned a level 3 spell: Stone Arrow
  1791 | D:3      | Reached XP level 4. HP: 25/25 MP: 2/7
  2698 | D:3      | Found a snail-covered altar of Cheibriados.
  2705 | D:3      | Reached XP level 5. HP: 28/30 MP: 3/9
  2709 | D:3      | Became a worshipper of Cheibriados the Contemplative
  2797 | D:4      | Identified the +4 hand axe of Frustration {vamp, *Rage rF+
                  | rC+ rN+++ Str+4}
  3216 | D:4      | Reached XP level 6. HP: 25/36 MP: 2/10
  3364 | D:4      | Reached * piety under Cheibriados
  3408 | D:4      | Reached skill level 5 in Earth Magic
  3629 | D:4      | Reached skill level 1 in Conjurations
  3986 | D:4      | Reached XP level 7. HP: 41/41 MP: 6/12
  4012 | D:4      | Noticed Sigmund
  4023 | D:4      | Killed Sigmund
  4409 | D:5      | Entered Level 5 of the Dungeon
  4592 | D:5      | Reached XP level 8. HP: 48/48 MP: 0/13
  4888 | D:5      | Noticed Eustachio
  4903 | D:5      | Killed Eustachio
  4951 | D:5      | Reached ** piety under Cheibriados
  4990 | D:5      | Noticed a gargoyle
  4994 | D:5      | Killed a gargoyle
  4995 | D:5      | Reached skill level 5 in Armour
  5246 | D:5      | Found a staircase to the Ecumenical Temple.
  5252 | Temple   | Entered the Ecumenical Temple
  5706 | D:6      | Noticed Prince Ribbit
  5724 | D:6      | Killed Prince Ribbit
  5725 | D:6      | Reached skill level 5 in Dodging
  5725 | D:6      | Reached skill level 5 in Conjurations
  5725 | D:6      | Reached XP level 9. HP: 38/52 MP: 1/15
  5970 | D:6      | Noticed Edmund
  5977 | D:6      | Killed Edmund
  6076 | D:6      | Noticed Pikel
  6092 | D:5      | Killed Pikel
  7264 | D:6      | Learned a level 5 spell: Freezing Cloud
  7377 | D:6      | Found a bloodstained altar of Trog.
  7502 | D:6      | Reached skill level 1 in Ice Magic
  7502 | D:6      | Reached skill level 5 in Invocations
  7629 | D:6      | Found a shadowy altar of Dithmenos.
  7647 | D:6      | Reached skill level 1 in Air Magic
  7927 | D:7      | Reached XP level 10. HP: 56/56 MP: 3/16
  8198 | D:7      | Reached *** piety under Cheibriados
  9034 | D:8      | Found a shimmering altar of Xom.
  9206 | D:8      | Noticed a two-headed ogre
  9214 | D:8      | Killed a two-headed ogre
  9216 | D:8      | Found a flagged portal.
  9221 | Bailey   | Entered a bailey
  9390 | Bailey   | Reached **** piety under Cheibriados
  9729 | Bailey   | Found a burning altar of Makhleb.
 10843 | D:8      | Noticed Maggie
 10857 | D:8      | Killed Maggie
 10858 | D:8      | Reached XP level 11. HP: 52/61 MP: 1/17
 11417 | D:9      | Noticed a two-headed ogre
 11420 | D:9      | Killed a two-headed ogre
 11421 | D:9      | Reached skill level 5 in Ice Magic
 11554 | D:9      | Reached ***** piety under Cheibriados
 12049 | D:9      | Noticed a two-headed ogre
 12077 | D:9      | Killed a two-headed ogre
 12879 | D:9      | Identified the +2 morningstar "Mukhynyi" {drain, rElec
                  | Str+9}
 12935 | D:10     | Entered Level 10 of the Dungeon
 12945 | D:10     | Identified the +4 dire flail "Agaug" {vorpal, *Noise rN+
                  | rCorr Int+5}
 13045 | D:10     | Noticed Maurice
 13050 | D:10     | Noticed Erica
 13051 | D:10     | Killed Maurice
 13065 | D:10     | Killed Erica
 13286 | D:10     | Found a basalt altar of Yredelemnul.
 13306 | D:10     | Noticed Amaemon
 13317 | D:10     | Killed Amaemon
 13318 | D:10     | Reached skill level 5 in Air Magic
 13460 | D:10     | Found a white marble altar of Elyvilon.
 13641 | D:10     | Noticed a manticore
 13894 | D:10     | Noticed a catoblepas
 13943 | D:10     | Noticed Urug
 13950 | D:10     | Killed Urug
 14233 | D:10     | Killed a manticore
 14335 | D:10     | Killed a catoblepas
 14336 | D:10     | Reached XP level 12. HP: 66/66 MP: 4/18
 14985 | D:11     | Noticed Snorg
 14988 | D:11     | Noticed Fannar
 14991 | D:11     | Killed Snorg
 15007 | D:11     | Killed Fannar
 15081 | D:11     | Learned a level 2 spell: Blink
 15087 | D:11     | Learned a level 5 spell: Manifold Assault
 15272 | D:11     | Noticed Erolcha
 15277 | D:11     | Killed Erolcha
 15303 | D:11     | Noticed a boulder beetle
 15576 | D:11     | Found a staircase to the Lair.
 15591 | D:11     | Reached skill level 10 in Invocations
 15624 | D:11     | Found Goigeo's Weapon Emporium.
 15711 | D:11     | Killed a boulder beetle
 15712 | D:11     | Reached skill level 1 in Translocations
 16046 | Lair:1   | Entered Level 1 of the Lair of Beasts
 16046 | Lair:1   | Noticed Fractals's ghost (journeyman GrFi)
 16046 | Lair:1   | Found a runed translucent door.
 17257 | Lair:2   | Reached XP level 13. HP: 70/70 MP: 14/20
 17421 | Lair:2   | Reached skill level 10 in Dodging
 17603 | Lair:2   | Reached skill level 5 in Translocations
 17869 | Lair:2   | Found a staircase to the Swamp.
 18012 | Lair:2   | Found a hole to the Spider Nest.
 18315 | Lair:2   | Found a large runed translucent door.
 18316 | Lair:2   | Found a large runed translucent door.
 18322 | Lair:2   | Noticed Triskal's ghost (journeyman TrTm)
 18665 | Lair:2   | Slain by Triskal's ghost

Illustrated notes

Levels and vault maps discovered:
D:1:      saegor_arrival_simple_a, layout_loops_corners, minmay_heptomino_h4
D:2:      layout_rooms, hellmonk_ecumenical_altar_watching_god,
          solitary_fountain, minmay_goblin_kobold_house
D:3:      layout_loops_ring, slow_altar_2
D:4:      layout_basic, chequers_serial_rivers_marsh, hangedman_decor_opposing,
          minmay_quadrilaterals, uniq_sigmund
D:5:      layout_basic, minmay_temple_entry_fiery, uniq_eustachio
D:6:      layout_cave_pools, mainiacjoe_overflow_alcove_1,
          mainiacjoe_overflow_brackets, kennysheep_small_circle, uniq_pikel,
          uniq_prince_ribbit1, uniq_edmund
D:7:      layout_cave_pools, nicolae_hexahallways
D:8:      layout_layer_cave, brannock_xom_greatest_gift, enter_bailey_3,
          uniq_maggie
D:9:      statuecave_lemuel, layout_basic, lemuel_flamethrower_hall
D:10:     nzn_motion_control, layout_cave_pods, kennysheep_ying_yang,
          uniq_maurice, uniq_erica, uniq_amaemon, uniq_urug
D:11:     layout_basic, david_lair_generic, serial_shops, nicolae_diamond_shop,
          uniq_erolcha, uniq_fannar, uniq_snorg
Temple:   nicolae_temple_elliptical
Lair:1:   layout_cave_shapes, hellmonk_ghost_happy_afterlife, minivault_27
Lair:2:   layout_roguey, nicolae_swamp_entry_splash_gauntlet,
          hellmonk_spider_entry_not_the_bees, ebering_ghost_disaster_area,
          grunt_megastairs_1, serial_bayou_shore_a, infiniplex_staircase_pool

Skill      XL: |  1  2  3  4  5  6  7  8  9 10 11 12 13 |
---------------+----------------------------------------+-----
Armour         | 1 2 3 5 |  5.0
Fighting       | 1 2 3 4 |  4.0
Earth Magic    | 4 5 6 |  6.0
Dodging        | 2 3 5 6 7 8 9 10 | 10.0
Spellcasting   | 3 4 |  4.0
Conjurations   | 1 2 5 6 7 |  7.0
Invocations    | 5 7 9 10 | 10.0
Ice Magic      | 1 4 6 7 |  7.0
Air Magic      | 1 3 5 7 |  7.0
Translocations | 3 6 |  6.7
Stealth        | |  2.1
Transmutations | |  0.7

Action                   |  1- 3 |  4- 6 |  7- 9 | 10-12 | 13-15 || total
-------------------------+-------+-------+-------+-------+-------++-------
Melee: Dagger            |     4 |    36 |       |       |       ||    40
       Hand axe          |       |     6 |    20 |   103 |     7 ||   136
       Punch             |       |       |     1 |     6 |       ||     7
 Cast: Sandblast         |    49 |    78 |    45 |   194 |    65 ||   431
       Stone Arrow       |       |       |    59 |   172 |    19 ||   250
       Freezing Cloud    |       |       |       |     4 |       ||     4
Invok: Slouch            |       |       |       |     2 |     1 ||     3
       Temporal Distorti |       |       |       |     1 |       ||     1
  Use: Scroll            |     4 |     7 |     4 |    18 |       ||    33
       Potion            |       |       |     1 |     7 |       ||     8
 Stab: Sleeping          |       |     1 |       |     1 |       ||     2
Armor: Robe              |     6 |    33 |    57 |   145 |    27 ||   268
Dodge: Dodged            |    19 |    64 |    76 |   372 |    75 ||   606
